 Dungeon Crawl Stone Soup version 0.31-a0-149-g3fdcc5976a (webtiles) character file.

Game seed: 14662876239787188125

52 ragingrage the Cutter (level 4, -1/24 HPs)
             Began as a Kobold Wanderer on June 7, 2023.
             Was a Believer of Wu Jian.
             Slain by a gnoll
             ... wielding a +1 spear of venom
              (2 damage)
             ... on level 3 of the Dungeon.
             The game lasted 00:03:12 (1635 turns).

ragingrage the Cutter (Kobold Wanderer)             Turns: 1635, Time: 00:03:12

Health: -1/24      AC:  4    Str: 12    XL:     4   Next: 8%
Magic:  5/5        EV: 12    Int: 10    God:    Wu Jian [**....]
Gold:   85         SH:  4    Dex: 16    Spells: 5/5 levels left

rFire   . . .        a - +2 dagger
rCold   . . .        d - +0 buckler
rNeg    . . .        f - +0 leather armour
rPois   .            (no helmet)
rElec   .            (no cloak)
rCorr   .            (no gloves)
SInv    .            r - +0 pair of boots
Will    +....        (no amulet)
Stlth   +++          (no ring)
HPRegen 0.24/turn    (no ring)
MPRegen 0.09/turn

%: no passive effects
@: brilliant, lethally poisoned (-1 -> -19), on berserk cooldown, enlightened,
flying, slowed, very slow
A: small, no large weapons, nightstalker 3
a: Renounce Religion, Wall Jump


You were on level 3 of the Dungeon.
You worshipped Wu Jian.
Wu Jian was pleased with you.
You visited 1 branch of the dungeon, and saw 3 of its levels.

You collected 85 gold pieces.

Inventory:

Hand Weapons
 a - a +2 dagger (weapon)
Missiles
 b - a curare-tipped dart (quivered)
 i - 2 poisoned darts
Armour
 d - a +0 buckler (worn)
 f - a +0 leather armour (worn)
 r - a +0 pair of boots (worn)
Wands
 n - a wand of charming (12)
Scrolls
 c - a scroll of silence
 g - a scroll of poison {unknown}
 h - a scroll of magic mapping {unknown}
 l - 2 scrolls of teleportation {unknown}
 o - a scroll of enchant armour {unknown}
 q - 2 scrolls of blinking {unknown}
Potions
 e - 2 potions of might
 j - a potion of enlightenment


   Skills:
 + Level 4.1 Short Blades
 - Level 3.2 Throwing
 + Level 2.1 Stealth
 - Level 1.5 Shields
 - Level 3.0 Unarmed Combat
 - Level 1.1 Spellcasting


You had 5 spell levels left.
You didn't know any spells.
Your spell library was empty.

Dungeon Overview and Level Annotations

Branches:
Dungeon (3/15)

Altars:
Wu Jian


Innate Abilities, Weirdness & Mutations

You are small and have problems with some larger weapons.
You are completely attuned to the shadows.


Message History

The orc barely misses you.
It was a potion of berserk rage.
A red film seems to cover your vision as you go berserk!
You feel yourself moving faster!
You feel mighty!
You feel very sick.
The gnoll hits you from afar with a +1 spear of venom.
You are lethally poisoned!
The orc hits you but does no damage.
Unknown command.
You hit the orc.
You kill the orc!
The Council accepts your kill.
You can now perform airborne attacks.
You feel very sick.
You feel very sick.
You bump into the rock wall.
You feel a strong urge to attack something.
You feel very sick.
The gnoll hits you from afar with a +1 spear of venom.
* * * LOW HITPOINT WARNING * * *
You are more poisoned.
* * * LOW HITPOINT WARNING * * *
You feel very sick.
You're too confused to move!
You feel your anger nearly subside.
You are no longer berserk.
You are exhausted.
You feel yourself slow down.
* * * LOW HITPOINT WARNING * * *
You feel very sick.
* * * LOW HITPOINT WARNING * * *
You feel very sick.
The gnoll hits you from afar with a +1 spear of venom.
* * * LOW HITPOINT WARNING * * *
You are more poisoned.
Okay, then.
You feel less invigorated.
You feel less confused.
* * * LOW HITPOINT WARNING * * *
You feel extremely sick.
The gnoll hits you from afar with a +1 spear of venom.
You die...

......##...........#.#
###..####............##
......####.....##.....##.
.#........########.#.....
.[......#...## #.......
.........##..# ###..##...
......#.###.###.......#.
.###.....##........###..
#####{o.g.@.........#
.##.#####.........#
...o...##...........#
..##...o............. .
####o...........##
#.o......†.....##
#.#..........<..#
..o#........<..#...
.<.........(....# ..


You could see a gnoll and an orc.

Vanquished Creatures
  2 dart slugs
  An orc (D:3)
  5 ball pythons
  An endoplasm (D:3)
  A giant cockroach (D:1)
  5 goblins
  6 hobgoblins
  4 quokkas
  9 bats
  2 frilled lizards (D:1)
  6 kobolds
  4 rats (D:2)
46 creatures vanquished.

Notes
Turn   | Place    | Note
-------+----------+-------------------------------------------
     0 | D:1      | ragingrage the Kobold Wanderer began the quest for the Orb.
     0 | D:1      | ragingrage set off with the following items: a +2 dagger, a
                  | curare-tipped dart, a scroll of silence, a +0 buckler, a
                  | potion of might, a +0 leather armour.
     0 | D:1      | Reached XP level 1. HP: 10/10 MP: 2/2
   157 | D:1      | Reached skill level 1 in Short Blades
   179 | D:1      | Reached XP level 2. HP: 15/15 MP: 3/3
   245 | D:1      | Reached skill level 2 in Short Blades
   413 | D:1      | Reached skill level 3 in Short Blades
   414 | D:1      | Reached XP level 3. HP: 19/19 MP: 4/4
   697 | D:1      | Found a faded altar of an unknown god.
   852 | D:1      | Prayed at the altar of an unknown god.
   852 | D:1      | Became a worshipper of the Wu Jian Council
   852 | D:1      | Reached * piety under Wu Jian
  1419 | D:2      | Reached skill level 4 in Short Blades
  1549 | D:3      | Reached XP level 4. HP: 24/24 MP: 5/5
  1629 | D:3      | Reached ** piety under Wu Jian
  1634 | D:3      | HP: 1/24 [gnoll/+1 spear of venom (4)]
  1635 | D:3      | Slain by a gnoll

Illustrated notes

Levels and vault maps discovered:
D:1:      lemuel_arrival_broad_hall, layout_basic,
          chequers_ecumenical_altar_island
D:2:      layout_loops_cross, chequers_serial_rivers_small_a
D:3:      layout_rooms

Skill      XL: |  1  2  3  4 |
---------------+-------------+-----
Short Blades   | 1 3 4 |  4.1
Stealth        | 2 |  2.1
Throwing       | |  3.2
Shields        | |  1.5
Unarmed Combat | |  3.0
Spellcasting   | |  1.1

Action                     |  1- 3 |  4- 6 || total
---------------------------+-------+-------++-------
  Melee: Dagger            |   115 |     5 ||   120
Ability: Lunge             |     4 |       ||     4
         Whirlwind         |     1 |     1 ||     2
    Use: Potion            |       |     4 ||     4
   Stab: Sleeping          |    17 |       ||    17
 Armour: Leather armour    |    20 |     3 ||    23
  Dodge: Dodged            |    58 |     5 ||    63
  Block: Buckler           |    26 |       ||    26

Table legend: (Time is in decaauts)
 A = Elapsed time spent in this place.
 B = Non-inter-level travel time spent in this place.
 C = Inter-level travel time spent in this place.
 D = Time resting spent in this place.
 E = Time spent auto-exploring this place.
 F = Levels seen in this place.
 G = Mean time per level.
                   A        B        C        D        E       F      G
               +--------+--------+--------+--------+--------+-----+--------+
         Total |   1634 |   1511 |    123 |      0 |   1207 |   3 |  544.7 |
       Dungeon |   1634 |   1511 |    123 |      0 |   1207 |   3 |  544.7 |
               +--------+--------+--------+--------+--------+-----+--------+

Top non-repeatable levels by time:
     D:1: 877 daAuts
     D:2: 655 daAuts
     D:3: 101 daAuts
